 Dungeon Crawl Stone Soup version 0.26.1-11-gd32895ea62 (webtiles) character file.

Game seed: 9935947248848026757

21333 dtburroughs the Fighter (level 12, -3/110 HPs)
             Began as a Minotaur Berserker on June 13, 2021.
             Was an Elder of Trog.
             Slain by a six-headed hydra (4 damage)
             ... while petrified by a basilisk
             ... on level 6 of the Lair of Beasts.
             The game lasted 00:33:27 (19178 turns).

dtburroughs the Fighter (Minotaur Berserker)       Turns: 19178, Time: 00:33:27

Health: -3/110     AC: 19    Str: 26    XL:     12   Next: 53%
Magic:  11/11      EV:  2    Int: 10    God:    Trog [****..]
Gold:   1174       SH:  0    Dex: 12    Spells: 11/11 levels left

rFire    . . .     SeeInvis .   G - +3 battleaxe (freeze)
rCold    . . .     Faith    .   (shield currently unavailable)
rNeg     + + +     Spirit   .   M - +0 plate armour
rPois    ∞         Reflect  .   (helmet restricted)
rElec    .         Harm     .   B - scarf {+Inv}
rCorr    .         Rampage  .   (no gloves)
Will     .....                  r - +3 pair of boots of Zexuremu {Str+2 Int+3 Dex-4}
Stlth    ..........             j - amulet of magic regeneration
HPRegen  0.28/turn              x - +6 ring of dexterity
MPRegen  0.37/turn              (no ring)

@: lethally poisoned (-3 -> -3), petrified
A: retaliatory headbutt, horns 2
a: Renounce Religion, Evoke Invisibility, Berserk, Trog's Hand, Brothers in Arms


You were on level 6 of the Lair of Beasts.
You worshipped Trog.
Trog was greatly pleased with you.
You visited 2 branches of the dungeon, and saw 15 of its levels.

You collected 1174 gold pieces.

Inventory:

Hand Weapons
 A - a +2 morningstar of freezing
 D - a +0 war axe
 G - a +3 battleaxe of freezing (weapon)
Armour
 r - the +3 pair of boots of Zexuremu (worn) {Str+2 Int+3 Dex-4}
   (You found it on level 4 of the Dungeon)

   It affects your strength (+2).
   It affects your intelligence (+3).
   It affects your dexterity (-4).
 y - a +0 buckler
 B - a scarf of invisibility (worn)
 M - a +0 plate armour (worn)
Jewellery
 j - an amulet of magic regeneration (around neck)
 x - a +6 ring of dexterity (left hand)
 z - a cursed ring of attention {unknown}
 K - an uncursed ring of ice
 O - an uncursed ring of willpower {unknown}
 P - an uncursed amulet of the acrobat
 Q - a cursed -4 ring of slaying {unknown}
Wands
 a - a wand of flame (15)
 m - a wand of polymorph (5)
 n - a wand of paralysis (3)
 q - a wand of acid (16)
 u - a wand of random effects (9)
 S - a wand of iceblast (7)
Scrolls
 b - a scroll of blinking
 d - 5 scrolls of immolation
 f - 4 scrolls of noise
 h - 7 scrolls of identify
 k - a scroll of magic mapping
 l - 6 scrolls of remove curse
 s - 3 scrolls of amnesia
 t - 4 scrolls of enchant weapon
 w - 6 scrolls of teleportation
 C - a scroll of fog {unknown}
 E - a scroll of acquirement {unknown}
Potions
 c - a potion of heal wounds {unknown}
 e - 2 potions of lignification
 g - a potion of attraction {unknown}
 i - 3 potions of mutation
 o - a potion of haste
 p - 5 potions of curing
 v - 2 potions of flight {unknown}
 F - a potion of magic {unknown}
 H - a potion of resistance {unknown}
 I - a potion of berserk rage {unknown}
 J - a potion of cancellation {unknown}
 L - a potion of invisibility {unknown}
 N - a potion of brilliance {unknown}
 R - a potion of might {unknown}


   Skills:
 + Level 11.4 Fighting
 + Level 11.4 Axes
 + Level 11.1 Armour
 + Level 10.2 Dodging
 + Level 8.8 Shields
 + Level 7.0 Evocations


You had 11 spell levels left.
You didn't know any spells.
Your spell library was empty.

Dungeon Overview and Level Annotations

Branches:
Dungeon (11/15)            Temple (0/1) D:4            Lair (3/6) D:11
    Orc (0/2) D:10
  Swamp: Lair:2-4    Shoals: Lair:2-4     Snake: Lair:2-4    Spider: Lair:2-4

Altars:
Ashenzari
Dithmenos
Fedhas
Gozag
Okawaru
Uskayaw
Wu Jian

Shops:
D:7 =   D:9 [   D:10 *


Innate Abilities, Weirdness & Mutations

You reflexively headbutt those who attack you in melee.
You have a pair of horns on your head.


Message History

The dream sheep bleats! x2; The cane toad croaks.
You hear a bleat!
You hear a croak.
The yak gores you but does no damage. The yak gores you.
* * * LOW HITPOINT WARNING * * *
The six-headed hydra bites you.
* * * LOW HITPOINT WARNING * * *
The six-headed hydra bites you but does no damage. x3
The six-headed hydra bites you.
* * * LOW HITPOINT WARNING * * *
The six-headed hydra bites you but does no damage.
The water moccasin bites you but does no damage.
The yak gores you!
* * * LOW HITPOINT WARNING * * *
The yak barely misses you.
A dream sheep comes into view.
The wolf bites you but does no damage. The wolf bites you.
* * * LOW HITPOINT WARNING * * *
The yak gores you but does no damage. The yak barely misses you.
The six-headed hydra bites you!
You die...

...........,,,,,,,,,,,,,,,,,,,,,,
...§..hh.Y.....#FP,,,,YY,,,,,,,,,
....h............#**,YY.**,,,,,,,
.....P#..........# *.F..***,,,,,,
.......#l........#*#h...*,**,,,,,
#......#*.#..h...##Dh...*,,,,,,,,
##......##....h..S......,,,,,,,,,
*..............YhS......,^,,,,,,,
*#............hY@h<.....,,,,,,,,*
*.##..........DYY......,,,,,,,,,
***#...................,,,,,,,,,
#.#.................,,,,,,,,,
#*##..........?.....,,,**,,,,
#P...............,,*,*,,,,
##....P..........,,,,*,,,,
*..####..P.....?.,,,***,,* *,**
*,*,,,,,,,,,,,**,,**


You could see an eight-headed hydra, a six-headed hydra, a polar bear, a black
mamba, 4 yaks, 2 cane toads, a water moccasin, 6 wolves and 5 dream sheep.

Vanquished Creatures
  Fannar (Lair:1)
  A hydra (Lair:2)
  Nergalle (Lair:2)
  2 cyclopes (D:11)
  2 ugly things (D:11)
  A black mamba (Lair:3)
  5 cane toads
  2 rime drakes
  7 komodo dragons
  2 trolls (D:9)
  3 polar bears
  5 dream sheep (Lair:3)
  Sigmund (D:3)
  17 yaks
  Grum (D:8)
  4 basilisks
  2 wyverns
  5 water moccasins
  3 sky beasts
  3 phantoms
  2 black bears
  7 ice beasts
  6 ogres
  11 wolves
  6 centaurs
  3 big kobolds
  8 bullfrogs
  Blork the orc (D:4)
  A water moccasin zombie (D:7)
  A gnoll sergeant (D:7)
  A water moccasin skeleton (D:7)
  A wyvern skeleton (D:8)
  5 scorpions
  6 killer bees (D:9)
  11 wights
  7 electric eels (D:8)
  6 howler monkeys
  2 centaur zombies
  A quasit (D:8)
  A bullfrog zombie (D:7)
  A jelly (D:8)
  3 orc priests
  5 hounds
  A bullfrog skeleton (D:10)
  3 orc wizards
  3 iguanas
  Jessica (D:3)
  A centaur skeleton (D:7)
  2 worker ants
  A killer bee zombie (D:10)
  A bullfrog simulacrum (D:8)
  A hound zombie (D:7)
  3 hound skeletons
  11 gnolls
  A howler monkey skeleton (D:11)
  6 adders
  4 shadow imps
  5 white imps
  5 ufetubi
  2 oozes
  An adder zombie (D:6)
  An adder skeleton (D:5)
  A worm (D:6)
  2 dart slugs
  2 adder simulacra (D:8)
  5 leopard geckos
  21 orcs
  A ball python (D:3)
  3 giant cockroaches
  4 hobgoblins
  6 jackals
  3 quokkas
  8 bats
  7 frilled lizards
  9 goblins
  15 kobolds
  A leopard gecko zombie (D:5)
  A quokka skeleton (D:8)
  5 rats
311 creatures vanquished.

Vanquished Creatures (collateral kills)
  Erica (Lair:2)
  A basilisk (Lair:2)
  2 ogres
4 creatures vanquished.

Vanquished Creatures (others)
  A jelly (D:8)
  A bullfrog zombie (D:8)
  17 fungi
  62 plants
81 creatures vanquished.

Grand Total: 396 creatures vanquished

Notes
Turn   | Place    | Note
-------+----------+-------------------------------------------
     0 | D:1      | dtburroughs the Minotaur Berserker began the quest for the
                  | Orb.
     0 | D:1      | Reached XP level 1. HP: 19/19 MP: 0/0
   234 | D:1      | Reached XP level 2. HP: 20/27 MP: 1/1
   666 | D:2      | Reached ** piety under Trog
   800 | D:2      | Reached XP level 3. HP: 33/33 MP: 2/2
  1563 | D:3      | Paralysed by a hobgoblin for 3 turns
  1564 | D:3      | Noticed Sigmund
  1569 | D:3      | Paralysed by a hobgoblin for 3 turns
  1585 | D:3      | Killed Sigmund
  1586 | D:3      | Reached XP level 4. HP: 41/41 MP: 3/3
  1586 | D:3      | Reached XP level 5. HP: 47/47 MP: 4/4
  1831 | D:3      | Noticed Jessica
  1844 | D:3      | Killed Jessica
  1845 | D:3      | Reached skill level 5 in Fighting
  1845 | D:3      | Reached skill level 5 in Axes
  2470 | D:4      | Got a pair of smouldering boots
  2475 | D:4      | Noticed an ogre
  2476 | D:4      | Identified the +3 pair of boots of Zexuremu {Str+2 Int+3
                  | Dex-4} (You found it on level 4 of the Dungeon)
  2477 | D:4      | Reached XP level 6. HP: 56/56 MP: 5/5
  2480 | D:4      | Noticed Blork the orc
  2495 | D:4      | Killed Blork the orc
  2729 | D:4      | Reached skill level 5 in Armour
  2729 | D:4      | Reached XP level 7. HP: 60/62 MP: 6/6
  2762 | D:4      | Found a blossoming altar of Fedhas.
  2879 | D:4      | Reached *** piety under Trog
  2880 | D:4      | Found a staircase to the Ecumenical Temple.
  3177 | D:5      | Entered Level 5 of the Dungeon
  3458 | D:5      | Reached skill level 5 in Dodging
  4282 | D:6      | Reached XP level 8. HP: 71/71 MP: 7/7
  4587 | D:6      | Found a hide-covered altar of Uskayaw.
  4696 | D:6      | Found a broken altar of Ashenzari.
  5361 | D:6      | Found an ornate altar of the Wu Jian Council.
  5368 | D:6      | Found a shadowy altar of Dithmenos.
  5372 | D:6      | Found an iron altar of Okawaru.
  5655 | D:7      | Found a blossoming altar of Fedhas.
  5689 | D:7      | Reached skill level 1 in Evocations
  5957 | D:7      | Found Puco's Jewellery Shoppe.
  6037 | D:7      | Reached **** piety under Trog
  6074 | D:7      | Reached skill level 1 in Shields
  6149 | D:7      | Reached XP level 9. HP: 79/80 MP: 8/8
  7025 | D:8      | Noticed a polar bear
  7678 | D:7      | Killed a polar bear
  8314 | D:8      | Found an opulent altar of Gozag.
  8345 | D:8      | Reached XP level 10. HP: 60/90 MP: 9/9
  9285 | D:8      | Noticed Grum
  9314 | D:8      | Killed Grum
 11446 | D:9      | Reached skill level 5 in Shields
 12603 | D:9      | Found Avaklau's Antique Armour Shoppe.
 12723 | D:10     | Entered Level 10 of the Dungeon
 12776 | D:10     | Found an opulent altar of Gozag.
 12779 | D:10     | Found Gozag's Platinum Reserve.
 12943 | D:10     | Reached skill level 5 in Evocations
 13250 | D:10     | Reached XP level 11. HP: 82/99 MP: 10/10
 13251 | D:10     | Found a staircase to the Orcish Mines.
 14209 | D:11     | Reached skill level 10 in Fighting
 14366 | D:11     | Noticed a purple ugly thing
 14375 | D:11     | Killed a purple ugly thing
 14376 | D:11     | Reached skill level 10 in Axes
 14474 | D:11     | Found a staircase to the Lair.
 14622 | D:11     | Noticed a cyan ugly thing
 14633 | D:11     | Killed a cyan ugly thing
 15145 | Lair:1   | Entered Level 1 of the Lair of Beasts
 15211 | Lair:1   | Noticed Fannar
 15253 | Lair:1   | Killed Fannar
 15323 | Lair:1   | Reached skill level 10 in Armour
 16952 | Lair:2   | Noticed a four-headed hydra
 16968 | Lair:2   | Killed a four-headed hydra
 16969 | Lair:2   | Reached XP level 12. HP: 51/108 MP: 11/11
 17368 | Lair:2   | Noticed Nergalle
 17382 | Lair:2   | Killed Nergalle
 17890 | Lair:2   | Found a blossoming altar of Fedhas.
 17896 | Lair:2   | Noticed Erica
 17917 | Lair:2   | Killed Erica
 18627 | Lair:2   | Reached skill level 10 in Dodging
 19130 | Lair:3   | You fall into a shaft and drop 3 floors!
 19130 | Lair:6   | Entered Level 6 of the Lair of Beasts
 19137 | Lair:6   | Noticed a boulder beetle
 19157 | Lair:6   | Noticed an eight-headed hydra
 19170 | Lair:6   | Noticed a six-headed hydra
 19172 | Lair:6   | Noticed an eight-headed hydra
 19177 | Lair:6   | HP: 3/110 [yak (4)]
 19178 | Lair:6   | HP: 1/110 [wolf (2)]
 19178 | Lair:6   | Slain by a six-headed hydra

Illustrated notes

Levels and vault maps discovered:
D:1:      lightli_iron_boxes, layout_rooms
D:2:      layout_rooms
D:3:      minmay_spotlight, layout_basic, minmay_vboxes, uniq_jessica,
          uniq_sigmund
D:4:      layout_rooms, nicolae_overflow_crystal_walls, temple_fountains,
          uniq_blork_the_orc
D:5:      kennysheep_spiral_hall, layout_cave_pools
D:6:      layout_loops_ring, lemuel_crystal_altar,
          grunt_temple_overflow_diamond, eat_drink_and_be_merry_uskayaw,
          chequers_serial_rivers_small_3
D:7:      layout_basic, serial_shops, shop, minmay_misc_feat_four_crosses,
          minivault_19, fedhas_altar_3
D:8:      layout_rooms, serial_ice, serial_ice_h, serial_ice_o, serial_ice_n,
          serial_ice_i, basic_altar, serial_bayou_lake_a, uniq_grum
D:9:      layout_gridville, serial_shops, shop
D:10:     layout_roguey, orc_0_dummy, nicolae_gozag_zags_fifth_avenue
D:11:     layout_layer_cave, david_lair_shrubbed, serial_glass, glass_columns_a,
          glass_columns_a
Lair:1:   layout_roguey, st_stairs_11, columned_hall_lemuel,
          infiniplex_staircase_pool_2, grunt_megastairs_3, uniq_fannar
Lair:2:   layout_chaotic_city, basic_altar, minmay_stone_trees_medium,
          infiniplex_staircase_pool, uniq_nergalle, uniq_erica
Lair:3:   layout_chaotic_city, gauntlet_entry_generic, serial_bayou_shore_a
Lair:6:   minmay_lair_end_enchanted_forest, layout_hall_layers,
          serial_bayou_pond_e

Skill      XL: |  1  2  3  4  5  6  7  8  9 10 11 12 |
---------------+-------------------------------------+-----
Fighting       | 4 5 6 7 8 9 10 11 | 11.4
Armour         | 3 4 5 6 7 8 9 10 11 | 11.1
Axes           | 4 5 6 7 8 9 10 11 | 11.4
Dodging        | 3 4 5 6 7 8 9 10 | 10.2
Evocations     | 2 3 5 6 7 |  7.0
Shields        | 1 4 6 7 8 |  8.8

Action                   |  1- 3 |  4- 6 |  7- 9 | 10-12 || total
-------------------------+-------+-------+-------+-------++-------
Melee: Hand axe          |    78 |    65 |   435 |   105 ||   683
       Headbutt          |     8 |     9 |    95 |    91 ||   203
       Battleaxe         |       |       |       |   334 ||   334
       War axe           |       |       |       |    59 ||    59
       Morningstar       |       |       |       |    10 ||    10
Invok: Trog's Hand       |     1 |     1 |     3 |     6 ||    11
       Berserk           |     1 |       |     1 |       ||     2
       Brothers in Arms  |       |       |     1 |     3 ||     4
Evoke: Wand              |       |       |       |     4 ||     4
  Use: Scroll            |       |       |     5 |    13 ||    18
Armor: Leather armour    |    19 |    14 |    15 |       ||    48
       Animal skin       |     2 |       |       |       ||     2
       Ring mail         |       |       |    55 |       ||    55
       Chain mail        |       |       |   126 |   161 ||   287
       Plate armour      |       |       |       |   137 ||   137
Dodge: Dodged            |    46 |    45 |   253 |   320 ||   664
Block: Buckler           |       |       |    58 |    21 ||    79
